 Dungeon Crawl Stone Soup version 0.20-a0-526-g753eaab (webtiles) character file.

2952 dvd the Thaumaturge (level 9, -9/61 HPs)
             Began as a Mummy Necromancer on Jan 26, 2017.
             Was an Initiate of Gozag.
             Mangled by a two-headed ogre
             ... wielding a +0 dire flail
              (20 damage)
             ... on level 8 of the Dungeon.
             The game lasted 00:24:09 (8274 turns).

dvd the Thaumaturge (Mummy Necromancer)             Turns: 8274, Time: 00:24:11

Health: -9/61      AC: 11    Str: 11    XL:     9   Next: 52%
Magic:  12/21      EV: 13    Int: 23    God:    Gozag
Gold:   407        SH:  0    Dex: 12    Spells: 17/25 levels left

rFire    x . .     SeeInvis .   b - +4 quarterstaff (chaos)
rCold    + . .     Gourm    .   h - +0 ring mail
rNeg     + + +     Faith    .   (shield currently unavailable)
rPois    ∞         Spirit   .   m - +0 helmet
rElec    .         Reflect  .   n - +2 cloak {+Inv}
rCorr    .         Harm     .   k - +0 pair of gloves
MR       +....                  (no boots)
Stlth    +.........             (no amulet)
Regen    0.2/turn               r - +5 ring of intelligence
                                E - +2 ring of evasion

@: no status effects
A: no food or potions, fire vulnerability, cold resistance 1, negative energy
resistance 3, torment resistance, unbreathing
a: Potion Petition, Call Merchant, Bribe Branch, Renounce Religion, Evoke
Invisibility


You were on level 8 of the Dungeon.
You worshipped Gozag.
Gozag was aware of your devotion.
You were not hungry.

You visited 2 branches of the dungeon, and saw 9 of its levels.

You collected 781 gold pieces.
You spent 279 gold pieces at shops.
You paid 95 gold pieces to Gozag.

Inventory:

Hand Weapons
 a - a +2 whip of venom
 b - a +4 quarterstaff of chaos (weapon)
 i - a +0 vampiric spear
 l - a +2 mace of protection
 o - a +1 short sword of draining
 y - a +1 dagger of electrocution
 z - a +3 whip of pain
 B - a +3 halberd
Armour
 d - a +1 hat
 e - a cursed +0 chain mail
 h - a +0 ring mail (worn)
 k - a +0 pair of gloves (worn)
 m - a +0 helmet (worn)
 n - a +2 cloak of invisibility (worn)
 x - a +2 robe of fire resistance
 C - a +0 leather armour of fire resistance
Jewellery
 c - an uncursed ring of protection from magic
 r - a +5 ring of intelligence (right hand)
 E - a +2 ring of evasion (left hand)
Wands
 u - a wand of acid (13/15)
 v - a wand of flame (12/48)
 A - a wand of digging (4/24)
 D - a wand of paralysis (7/24)
Scrolls
 f - 6 scrolls of amnesia
 g - a scroll of immolation {unknown}
 j - 4 scrolls of teleportation
 p - 8 scrolls of identify
 q - a scroll of magic mapping {unknown}
 s - a scroll of noise {unknown}
 t - 2 scrolls of fog {unknown}
 F - a scroll of recharging
Books
 w - a book of Necromancy

   Spells                             Type                      Level
   a - Pain                           Necromancy                   1
   b - Animate Skeleton               Necromancy                   1
   c - Vampiric Draining              Necromancy                   3
   d - Regeneration                   Charms/Necromancy            3
   e - Animate Dead                   Necromancy                   4
   f - Control Undead                 Necromancy                   4


   Skills:
 + Level 2.2 Fighting
 + Level 2.8(3.6) Maces & Flails
 + Level 3.4(4.0) Staves
 + Level 4.0 Armour
 + Level 3.1 Dodging
 + Level 2.3 Stealth
 + Level 8.9 Spellcasting
 + Level 7.8 Necromancy


You had 17 spell levels left.
You knew the following spells:

 Your Spells              Type           Power        Failure   Level  Hunger
a - Pain                  Necr           ####         1%          1    N/A
b - Vampiric Draining     Necr           #####.....   1%          3    N/A
c - Control Undead        Necr           #####.....   8%          4    N/A

Dungeon Overview and Level Annotations

Branches:
Dungeon (8/15)             Temple (1/1) D:6
   Lair: D:8-11

Altars:
Ashenzari
Cheibriados
Dithmenos
Elyvilon
Fedhas
Gozag
Hepliaklqana
Kikubaaqudgha
Makhleb
Nemelex Xobeh
Okawaru
Qazlal
Ru
Sif Muna
Trog
Uskayaw
Vehumet
Xom
Yredelemnul
Zin
The Shining One

Shops:
D:4 [   D:5 %


Innate Abilities, Weirdness & Mutations

You do not eat or drink.
Your flesh is vulnerable to fire.
You are immune to poison.
Your flesh is cold resistant. (rC+)
You are immune to negative energy. (rN+++)
You are immune to unholy pain and torment.
You can survive without breathing.


Message History

Press: ? - help, Shift-Dir - straight line, f/p - two-headed ogre
Aim: a two-headed ogre, wielding a dire flail and a giant spiked club (moderately wounded, berserk, fast, unusually strong)
The two-headed ogre is heavily wounded.
You feel life coursing into your body.
The two-headed ogre hits you with a dire flail!
The two-headed ogre misses you.
Casting: Vampiric Draining
Confirm with . or Enter, or press ? or * to list all spells.
Aiming: Vampiric Draining
Press: ? - help, Shift-Dir - straight line, f/p - two-headed ogre
Aim: a two-headed ogre, wielding a dire flail and a giant spiked club (heavily wounded, berserk, fast, unusually strong)
The two-headed ogre is severely wounded.
You feel life coursing into your body.
The two-headed ogre hits you with a dire flail!
The two-headed ogre barely misses you.
The two-headed ogre hits you with a dire flail!
* * * LOW HITPOINT WARNING * * *
The two-headed ogre hits you with a giant spiked club!!
You die...
Your body crumbles into a pile of gold.

###..(####
#........#####
#............##
#.............#
#..............## #
#...........#
..########
#.........###..........
#.O@........#.......
####.....## ####....
##...## ###.. ##..##
##. #...# #. ##..## ##)
#...# #.. ##..##
#######(. #..##
##....#..#


You could see a two-headed ogre (berserk).

Vanquished Creatures
  Erica (D:8)
  Duvessa (D:7)
  A hornet zombie (D:8)
  2 sky beasts (D:7)
  An ice beast (D:5)
  3 centaurs
  2 ogres
  A big kobold (D:7)
  2 bullfrogs (D:8)
  A wyvern skeleton (D:4)
  Dowan (D:7)
  2 wights (D:7)
  A howler monkey (D:7)
  A crimson imp (D:6)
  2 orc priests (D:6)
  Crazy Yiuf (D:5)
  4 hounds
  3 orc wizards (D:7)
  2 iguanas
  Terence (D:3)
  7 worker ants
  A hound zombie (D:5)
  2 hound skeletons (D:6)
  2 worker ant zombies
  10 gnolls
  7 adders
  An adder skeleton (D:8)
  A worm (D:3)
  4 leopard geckos
  11 orcs
  8 bats
  4 giant cockroaches
  5 goblins
  5 hobgoblins
  10 jackals
  3 quokkas
  2 ball pythons
  2 frilled lizards (D:2)
  14 kobolds
  6 rats
138 creatures vanquished.

Vanquished Creatures (collateral kills)
  A phantom (D:4)
  A centaur (D:7)
  A bullfrog (D:8)
  A wight (D:7)
  A howler monkey (D:7)
5 creatures vanquished.

Grand Total: 143 creatures vanquished

Notes
Turn   | Place    | Note
-------+----------+-------------------------------------------
     0 | D:1      | dvd the Mummy Necromancer began the quest for the Orb.
     0 | D:1      | Reached XP level 1. HP: 13/13 MP: 4/4
   192 | D:1      | Reached skill level 3 in Spellcasting
   376 | D:1      | Reached XP level 2. HP: 19/19 MP: 3/6
   847 | D:2      | Reached XP level 3. HP: 24/24 MP: 4/7
   852 | D:2      | Learned a level 3 spell: Vampiric Draining
  1593 | D:3      | Reached XP level 4. HP: 30/30 MP: 5/9
  1821 | D:3      | Noticed Terence
  1837 | D:3      | Killed Terence
  1837 | D:3      | Reached skill level 4 in Spellcasting
  1950 | D:4      | Noticed an ogre
  1989 | D:4      | Killed an ogre
  1989 | D:4      | Reached skill level 1 in Armour
  1989 | D:4      | Reached skill level 5 in Necromancy
  1989 | D:4      | Reached XP level 5. HP: 14/35 MP: 0/12
  2162 | D:4      | Found Roiteh's Armour Boutique.
  2177 | D:4      | Reached skill level 5 in Spellcasting
  2214 | D:4      | Noticed a phantom
  2240 | D:3      | Learned a level 4 spell: Control Undead
  2273 | D:4      | Found a hazy altar of Hepliaklqana.
  2325 | D:3      | Reached XP level 6. HP: 29/41 MP: 5/13
  2885 | D:4      | Reached skill level 1 in Maces & Flails
  3374 | D:4      | Found a glowing golden altar of the Shining One.
  3506 | D:5      | Entered Level 5 of the Dungeon
  3718 | D:5      | Found a sparkling altar of Nemelex Xobeh.
  3879 | D:5      | Noticed an ice beast
  3887 | D:5      | Killed an ice beast
  3887 | D:5      | Reached XP level 7. HP: 40/46 MP: 15/15
  3988 | D:5      | Reached skill level 6 in Spellcasting
  4222 | D:5      | Found Webruopp's Food Emporium.
  4281 | D:5      | Found a runed door.
  4285 | D:5      | Noticed Crazy Yiuf
  4289 | D:5      | Killed Crazy Yiuf
  5278 | D:6      | Found a staircase to the Ecumenical Temple.
  5285 | Temple   | Entered the Ecumenical Temple
  5388 | Temple   | Became a worshipper of Gozag Ym Sagoz the Greedy
  5572 | D:6      | Found a shimmering altar of Xom.
  5574 | D:6      | Found a stormy altar of Qazlal.
  5574 | D:6      | Found a snail-covered altar of Cheibriados.
  5576 | D:6      | Found a deep blue altar of Sif Muna.
  5576 | D:6      | Found a glowing golden altar of the Shining One.
  5576 | D:6      | Found an iron altar of Okawaru.
  5775 | D:6      | Reached skill level 1 in Fighting
  5900 | D:7      | Reached skill level 1 in Staves
  5900 | D:7      | Reached XP level 8. HP: 49/54 MP: 16/18
  5957 | D:7      | Reached skill level 7 in Spellcasting
  6202 | D:4      | Bought a +2 cloak of invisibility for 279 gold pieces
  6931 | D:7      | Noticed Dowan
  6933 | D:7      | Noticed Duvessa
  7134 | D:7      | Killed Dowan
  7159 | D:7      | Killed Duvessa
  7223 | D:7      | Reached skill level 8 in Spellcasting
  7427 | D:8      | Reached XP level 9. HP: 58/61 MP: 21/21
  7638 | D:8      | Noticed Erica
  7669 | D:8      | Killed Erica
  8266 | D:8      | Noticed a two-headed ogre
  8274 | D:8      | Mangled by a two-headed ogre

Vault maps used:
D:1:      dpeg_arrival_stonehenge_12_columns, grunt_decor_mini_mirrors,
          grunt_decor_cap
D:2:      first_bread
D:3:      uniq_terence
D:4:      overflow_temple_1_default, serial_shops, shop, tso_altar
D:5:      nemelex_altar_shiori, serial_shops, shop, minmay_crystal_water,
          uniq_crazy_yiuf_cottage
D:6:      minmay_temple_entry_overgrown, doesnt_xom_only_xom
D:7:      uniq_duvessa
D:8:      special_room, uniq_erica
Temple:   dpeg_five_rooms_temple

Skill      XL: |  1  2  3  4  5  6  7  8  9 |
---------------+----------------------------+-----
Spellcasting   | 3 4 5 6 8 |  8.9
Armour         | 1 2 3 4 |  4.0
Necromancy     | 5 6 7 |  7.8
Maces & Flails | 1 2 |  2.8
Dodging        | 2 3 |  3.1
Stealth        | 2 |  2.3
Fighting       | 1 2 |  2.2
Staves         | 1 3 |  3.4

Action                   |  1- 3 |  4- 6 |  7- 9 || total
-------------------------+-------+-------+-------++-------
Melee: Whip              |    45 |   126 |    27 ||   198
       Quarterstaff      |       |       |   149 ||   149
 Cast: Pain              |    60 |    40 |    34 ||   134
       Vampiric Draining |       |    12 |    36 ||    48
       Control Undead    |       |     1 |     5 ||     6
  Use: Scroll            |       |       |     6 ||     6
 Stab: Sleeping          |       |     1 |       ||     1
       Paralysed         |       |       |     3 ||     3
Armor: Robe              |     1 |       |       ||     1
       Ring mail         |    25 |    49 |   110 ||   184
Dodge: Dodged            |    35 |    72 |   112 ||   219
